 Dungeon Crawl Stone Soup version 0.31-a0-152-g6aa68a64a1 (webtiles) character file.

Game seed: 4075848784327938111

501 qw the Shooter (level 7, 0/67 HPs)
             Began as a Naga Hunter on June 10, 2023.
             Slain by a water moccasin (9 damage)
             ... on level 4 of the Dungeon.
             The game lasted 00:01:19 (3994 turns).

qw the Shooter (Naga Hunter)                        Turns: 3994, Time: 00:01:20

Health: 0/67       AC:  3    Str: 13    XL:     7   Next: 17%
Magic:  7/7        EV: 10    Int:  9    God:
Gold:   202        SH:  0    Dex: 17    Spells: 6/6 levels left

rFire   . . .        Y - +0 shortbow
rCold   . . .        (shield currently unavailable)
rNeg    . . .        c - +0 leather armour
rPois   +            (no helmet)
rElec   .            (no cloak)
rCorr   .            (no gloves)
SInv    +            (no barding)
Will    .....        (no amulet)
Stlth   ++           (no ring)
HPRegen 0.31/turn    (no ring)
MPRegen 0.10/turn

%: no passive effects
@: lethally poisoned (0 -> -3), very slow
A: AC +2, large, see invisible, deformed body, poison resistance, slowness 2,
spit poison 1, naga tail 1
a: Spit Poison


You were on level 4 of the Dungeon.
You visited 1 branch of the dungeon, and saw 5 of its levels.

You collected 202 gold pieces.


Innate Abilities, Weirdness & Mutations

Your serpentine skin is tough. (AC +2)
You have supernaturally acute eyesight. (SInv)
Armour fits poorly on your strangely shaped body.
Your system is resistant to poisons. (rPois)
You cover ground very slowly.
You can spit poison.
You have a snake-like lower body.


   Skills:
 - Level 5.1 Fighting
 + Level 6.0 Ranged Weapons
 - Level 2.0 Dodging
 - Level 1.5 Stealth


You had 6 spell levels left.
You didn't know any spells.
Your spell library was empty.

Inventory:

Hand Weapons
 Y - a +0 shortbow (weapon)
Armour
 c - a +0 leather armour (worn)
Scrolls
 a - a scroll of identify
Potions
 b - a potion of mutation
 f - a potion of curing
 h - a potion of might

Dungeon Overview and Level Annotations

Branches:
Dungeon (5/15)
 Temple: D:4-7

Altars:
Ashenzari
Dithmenos
Makhleb
Qazlal
Sif Muna
Trog
Wu Jian
Xom
Yredelemnul
The Shining One

Annotations:
D:2 1 runed translucent door, Crazy Yiuf


Message History

You shoot an arrow. The arrow hits the water moccasin!
The water moccasin is moderately wounded.
The water moccasin bites you. x2
You shoot an arrow. The arrow misses the water moccasin.
The arrow hits the adder.
The adder is moderately wounded.
You have got your breath back.
The water moccasin closely misses you.
You shoot an arrow. The arrow misses the water moccasin.
The arrow misses the adder.
The water moccasin misses you. The water moccasin bites you.
3987 ||| STAIRDANCE The water moccasin bites you!
You climb upwards.
There is a stone staircase leading down here.
You shoot an arrow. The arrow misses the water moccasin.
The water moccasin bites you! x2
You are poisoned.
The water moccasin poisons you!
You shoot an arrow.
The arrow hits the water moccasin but does no damage.
The water moccasin is moderately wounded.
You feel very sick. The water moccasin bites you.
You shoot an arrow. The arrow hits the water moccasin.
The water moccasin is heavily wounded.
You feel sick. The water moccasin misses you.
The water moccasin barely misses you.
You shoot an arrow. The arrow hits the water moccasin.
The water moccasin is heavily wounded.
You feel sick. The water moccasin closely misses you.
The water moccasin bites you!
You shoot an arrow.
The arrow hits the water moccasin but does no damage.
The water moccasin is heavily wounded.
You feel sick. The water moccasin barely misses you.
You shoot an arrow.
The arrow barely misses the water moccasin.
You feel sick. The water moccasin bites you. The water moccasin bites you!
You die...

.# ##>..###...####.............
.# ##..# ##..#.#.............. .#
##.###........##.......... ##
#..#.........##.......... #
##...##........#..........
#.........................
#................#........
##......................... ##
#.........@.......##.....## .##
#.........S.......##.#.....
..#####..#...........#.#####....#
.........#.....#....##.#######)..
...####.##..#.......##..##.##.)..
.........(..###............##.)##
........<...##.......)..#..##)##
..........#..##...##.....).....##
.........##..#.........#..###...#


You could see a water moccasin.

Vanquished Creatures
  Grinder (D:3)
  A scorpion (D:4)
  An orc priest (D:4)
  An iguana (D:3)
  2 orc wizards
  5 adders
  3 worms
  A dart slug (D:1)
  13 orcs
  9 ball pythons
  7 bats
  9 endoplasms
  A giant cockroach (D:1)
  4 goblins
  5 hobgoblins
  4 frilled lizards
  5 kobolds
  11 rats
83 creatures vanquished.

Notes
Turn   | Place    | Note
-------+----------+-------------------------------------------
     0 | D:1      | qw the Naga Hunter began the quest for the Orb.
     0 | D:1      | Reached XP level 1. HP: 19/19 MP: 1/1
     0 | D:1      | 0 ||| qw: Version: 0.2-a-122-gbc61b45
     0 | D:1      | 0 ||| qw: Game counter: 3534
     0 | D:1      | 0 ||| qw: Always use a shield: true
     0 | D:1      | 0 ||| qw: God list: Okawaru
     0 | D:1      | 0 ||| qw: Allow faded altars: false
     0 | D:1      | 0 ||| qw: Do Orc after D:15 true
     0 | D:1      | 0 ||| qw: Do second Lair branch before Depths: true
     0 | D:1      | 0 ||| qw: Lair rune preference: random
     0 | D:1      | 0 ||| qw: Plans: Normal
     0 | D:1      | 0 ||| PLANNING D:1-11
    52 | D:1      | 52 ||| INVOKING Spit Poison.
    65 | D:1      | 65 ||| INVOKING Spit Poison.
   130 | D:1      | 130 ||| INVOKING Spit Poison.
   138 | D:1      | 138 ||| INVOKING Spit Poison.
   141 | D:1      | Reached skill level 4 in Ranged Weapons
   141 | D:1      | Reached XP level 2. HP: 26/26 MP: 2/2
   159 | D:1      | 159 ||| INVOKING Spit Poison.
   330 | D:1      | 330 ||| INVOKING Spit Poison.
   696 | D:1      | 696 ||| INVOKING Spit Poison.
   701 | D:1      | 701 ||| FLEEEEING.
   702 | D:1      | 702 ||| FLEEEEING.
   703 | D:1      | 703 ||| FLEEEEING.
   704 | D:1      | 704 ||| FLEEEEING.
   705 | D:1      | 705 ||| FLEEEEING.
   712 | D:1      | 712 ||| INVOKING Spit Poison.
   795 | D:1      | 795 ||| READING 2 scrolls labelled MYOSOAN PAIRCHO.
   796 | D:1      | 796 ||| READING scroll labelled PIQEUTWIUDGH.
   801 | D:1      | 801 ||| READING scroll labelled RASKEWAXULI.
   802 | D:1      | 802 ||| READING scroll labelled PAZOUXIEMID.
   803 | D:1      | 803 ||| DROPPING scroll of butterflies.
   840 | D:2      | 840 ||| INVOKING Spit Poison.
   845 | D:2      | 845 ||| INVOKING Spit Poison.
   849 | D:2      | 849 ||| INVOKING Spit Poison.
   850 | D:2      | Reached XP level 3. HP: 22/32 MP: 3/3
   983 | D:2      | 983 ||| INVOKING Spit Poison.
   995 | D:2      | 995 ||| INVOKING Spit Poison.
  1001 | D:2      | 1001 ||| INVOKING Spit Poison.
  1005 | D:2      | 1005 ||| INVOKING Spit Poison.
  1115 | D:2      | 1115 ||| INVOKING Spit Poison.
  1128 | D:2      | 1128 ||| INVOKING Spit Poison.
  1141 | D:2      | 1141 ||| INVOKING Spit Poison.
  1154 | D:2      | 1154 ||| INVOKING Spit Poison.
  1159 | D:2      | 1159 ||| INVOKING Spit Poison.
  1172 | D:2      | 1172 ||| INVOKING Spit Poison.
  1175 | D:2      | 1175 ||| INVOKING Spit Poison.
  1176 | D:2      | Reached skill level 5 in Ranged Weapons
  1176 | D:2      | Reached XP level 4. HP: 39/39 MP: 4/4
  1179 | D:2      | 1179 ||| INVOKING Spit Poison.
  1207 | D:2      | 1207 ||| INVOKING Spit Poison.
  1213 | D:2      | 1213 ||| INVOKING Spit Poison.
  1225 | D:2      | 1225 ||| INVOKING Spit Poison.
  1372 | D:2      | 1372 ||| INVOKING Spit Poison.
  1375 | D:2      | 1375 ||| INVOKING Spit Poison.
  1398 | D:2      | 1398 ||| INVOKING Spit Poison.
  1539 | D:2      | Found a runed translucent door.
  1540 | D:2      | Noticed Crazy Yiuf
  1757 | D:3      | 1757 ||| INVOKING Spit Poison.
  1761 | D:3      | 1761 ||| INVOKING Spit Poison.
  1767 | D:3      | Noticed Grinder
  1787 | D:3      | 1787 ||| INVOKING Spit Poison.
  1792 | D:3      | Killed Grinder
  1793 | D:3      | Reached XP level 5. HP: 16/52 MP: 5/5
  1793 | D:3      | Reached XP level 6. HP: 19/61 MP: 6/6
  1975 | D:3      | 1975 ||| INVOKING Spit Poison.
  1993 | D:3      | 1993 ||| INVOKING Spit Poison.
  1998 | D:3      | 1998 ||| INVOKING Spit Poison.
  2001 | D:3      | 2001 ||| INVOKING Spit Poison.
  2067 | D:3      | Found a faded altar of an unknown god.
  2074 | D:3      | 2074 ||| INVOKING Spit Poison.
  2138 | D:3      | 2138 ||| INVOKING Spit Poison.
  2276 | D:3      | 2276 ||| INVOKING Spit Poison.
  2310 | D:3      | 2310 ||| INVOKING Spit Poison.
  2357 | D:3      | 2357 ||| INVOKING Spit Poison.
  2364 | D:3      | 2364 ||| INVOKING Spit Poison.
  2435 | D:3      | Found a bloodstained altar of Trog.
  2648 | D:3      | 2648 ||| READING scroll labelled CUATUXAWEH.
  2649 | D:3      | 2649 ||| READING 2 scrolls labelled DEIRRYVUUMP.
  2650 | D:3      | 2650 ||| DRINKING 2 murky white potions.
  2651 | D:3      | 2651 ||| DRINKING 2 orange potions.
  2657 | D:3      | 2657 ||| DRINKING 2 sedimented emerald potions.
  2658 | D:3      | 2658 ||| DRINKING 2 fuming coppery potions.
  2688 | D:3      | 2688 ||| READING 3 scrolls of identify.
  2688 | D:3      | 2688 ||| IDENTIFYING fizzy golden potion
  2689 | D:3      | 2689 ||| READING 2 scrolls of identify.
  2689 | D:3      | 2689 ||| IDENTIFYING lumpy clear potion
  2690 | D:3      | 2690 ||| DROPPING potion of brilliance.
  2691 | D:3      | 2691 ||| DROPPING potion of ambrosia.
  2692 | D:3      | 2692 ||| DROPPING potion of lignification.
  2693 | D:3      | 2693 ||| DROPPING potion of degeneration.
  2694 | D:3      | 2694 ||| DROPPING scroll of immolation.
  2741 | D:4      | 2741 ||| INVOKING Spit Poison.
  2745 | D:4      | 2745 ||| INVOKING Spit Poison.
  2747 | D:4      | 2747 ||| STAIRDANCE
  2750 | D:3      | 2750 ||| INVOKING Spit Poison.
  2785 | D:4      | 2785 ||| STAIRDANCE
  2787 | D:3      | 2787 ||| INVOKING Spit Poison.
  2790 | D:3      | 2790 ||| INVOKING Spit Poison.
  2791 | D:3      | HP: 15/61 [orc/+1 dagger of venom (3)]
  2792 | D:3      | 2792 ||| READING scroll of teleportation.
  2793 | D:3      | 2793 ||| INVOKING Spit Poison.
  2795 | D:3      | HP: 6/61 [poisoned by an orc]
  3057 | D:4      | 3057 ||| INVOKING Spit Poison.
  3063 | D:4      | 3063 ||| INVOKING Spit Poison.
  3066 | D:4      | 3066 ||| INVOKING Spit Poison.
  3136 | D:4      | 3136 ||| INVOKING Spit Poison.
  3140 | D:4      | 3140 ||| INVOKING Spit Poison.
  3145 | D:4      | 3145 ||| INVOKING Spit Poison.
  3150 | D:4      | 3150 ||| INVOKING Spit Poison.
  3296 | D:4      | 3296 ||| INVOKING Spit Poison.
  3301 | D:4      | 3301 ||| INVOKING Spit Poison.
  3304 | D:4      | Reached skill level 6 in Ranged Weapons
  3304 | D:4      | Reached XP level 7. HP: 39/67 MP: 7/7
  3435 | D:4      | Found a shimmering blue altar of Sif Muna.
  3435 | D:4      | Found a burning altar of Makhleb.
  3435 | D:4      | Found a basalt altar of Yredelemnul.
  3440 | D:4      | Found a glowing golden altar of the Shining One.
  3442 | D:4      | Found a broken altar of Ashenzari.
  3443 | D:4      | Found a shimmering altar of Xom.
  3448 | D:4      | Found a stormy altar of Qazlal.
  3451 | D:4      | Found a shadowy altar of Dithmenos.
  3452 | D:4      | Found an ornate altar of the Wu Jian Council.
  3496 | D:4      | 3496 ||| INVOKING Spit Poison.
  3504 | D:4      | 3504 ||| INVOKING Spit Poison.
  3505 | D:4      | 3505 ||| INVOKING Spit Poison.
  3508 | D:4      | 3508 ||| INVOKING Spit Poison.
  3514 | D:4      | 3514 ||| INVOKING Spit Poison.
  3516 | D:4      | HP: 16/67 [orc/+0 club (2)]
  3518 | D:4      | 3518 ||| INVOKING Spit Poison.
  3846 | D:4      | 3846 ||| READING 4 scrolls labelled VAS TUEGOUNLUR.
  3847 | D:4      | 3847 ||| READING scroll labelled ANEAJE COXKEWK.
  3948 | D:4      | 3948 ||| READING 4 scrolls of identify.
  3948 | D:4      | 3948 ||| IDENTIFYING inky potion
  3949 | D:4      | 3949 ||| READING 3 scrolls of identify.
  3949 | D:4      | 3949 ||| IDENTIFYING brown potion
  3950 | D:4      | 3950 ||| READING 2 scrolls of identify.
  3950 | D:4      | 3950 ||| IDENTIFYING red potion
  3951 | D:4      | 3951 ||| DROPPING 3 scrolls of magic mapping.
  3952 | D:4      | 3952 ||| DROPPING potion of magic.
  3953 | D:4      | 3953 ||| DROPPING potion of enlightenment.
  3977 | D:5      | Entered Level 5 of the Dungeon
  3979 | D:5      | 3979 ||| INVOKING Spit Poison.
  3987 | D:5      | 3987 ||| STAIRDANCE
  3993 | D:4      | HP: 16/67 [poisoned by a water moccasin]
  3994 | D:4      | Slain by a water moccasin

Levels and vault maps discovered:
D:1:      zelgadis_glass_arrival_small, layout_basic
D:2:      layout_loops_ring, uniq_crazy_yiuf_cottage
D:3:      wad_river_or_something, layout_loops_ring, overflow_temple_1_default,
          shapermc_ecumenical_altar_rom_forum, uniq_grinder
D:4:      layout_cave_pools, nicolae_overflow_hallway_of_the_gods
D:5:      layout_rooms, uniq_edmund

Skill      XL: |  1  2  3  4  5  6  7 |
---------------+----------------------+-----
Ranged Weapons | 4 5 6 |  6.0
Fighting       | 5 |  5.1
Dodging        | 2 |  2.0
Stealth        | |  1.5

Action                     |  1- 3 |  4- 6 |  7- 9 || total
---------------------------+-------+-------+-------++-------
   Fire: Shortbow          |    37 |   114 |    30 ||   181
Ability: Spit Poison       |    22 |    35 |     6 ||    63
    Use: Scroll            |     4 |     5 |     5 ||    14
         Potion            |       |     4 |       ||     4
 Armour: Leather armour    |     2 |    14 |     8 ||    24
  Dodge: Dodged            |     3 |    34 |    19 ||    56

Table legend:
 A = Non-vault XP
 B = Vault XP
 C = Vault XP percentage of total XP
 D = Non-vault monster count
 E = Vault monster count
 F = Vault count percentage of total count
                 A         B        C        D         E       F
            +---------+---------+-------+---------+---------+-------
      Total |     431 |     286 |  39.9 |      73 |      10 |  12.0
            +---------+---------+-------+---------+---------+-------
        D:1 |      28 |       0 |   0.0 |      14 |       0 |   0.0
        D:2 |      84 |       0 |   0.0 |      22 |       0 |   0.0
        D:3 |     109 |     286 |  72.4 |      21 |      10 |  32.3
        D:4 |     210 |       0 |   0.0 |      16 |       0 |   0.0
            +---------+---------+-------+---------+---------+-------
